 Dungeon Crawl Stone Soup version 0.19.0-24-gb05acd6 (webtiles) character file.

50 Gargoyl the Skirmisher (level 3, 0/29 HPs)
             Began as a Demonspawn Abyssal Knight on Nov 21, 2016.
             Was a Follower of Lugonu.
             Slain by an adder (3 damage)
             ... on level 2 of the Dungeon.
             The game lasted 00:02:31 (2053 turns).

Gargoyl the Skirmisher (Demonspawn Abyssal Knight)  Turns: 2053, Time: 00:02:31

Health: 0/29       AC:  3    Str: 13    XL:     3   Next: 55%
Magic:  5/5        EV:  8    Int: 13    God:    Lugonu [*.....]
Gold:   111        SH:  6    Dex: 12    Spells: 0 memorised, 2 levels left

rFire  . . .     SeeInvis .     a - +1 hand axe
rCold  . . .     Gourm    .     b - +0 leather armour
rNeg   . . .     Faith    .     d - +0 shield
rPois  .         Spirit   .     (no helmet)
rElec  .         Reflect  .     (no cloak)
rCorr  .         Harm     .     (no gloves)
MR     .....                    (no boots)
Stlth  +.........               (no amulet)
                                (no ring)
                                (no ring)

@: lethally poisoned (0 -> -3)
A: hooves 1, powered by pain 1
a: Depart the Abyss, Renounce Religion


You were on level 2 of the Dungeon.
You worshipped Lugonu.
Lugonu was aware of your devotion.
You were hungry.

You visited 1 branch of the dungeon, and saw 2 of its levels.
You visited the Abyss 1 time.

You collected 111 gold pieces.

Inventory:

Hand Weapons
 a - a +1 hand axe (weapon)
Armour
 b - a +0 leather armour (worn)
 d - a +0 shield (worn)
Jewellery
 k - an uncursed ring of flight {unknown}
Scrolls
 f - a scroll of immolation {unknown}
Potions
 e - a potion of degeneration {unknown}
 i - a potion of cure mutation {unknown}
 j - a potion of curing {unknown}
Comestibles
 c - 3 bread rations
 g - a meat ration
 h - 3 fruits


   Skills:
 + Level 3.4 Fighting
 + Level 2.2 Axes
 * Level 2.4 Armour
 + Level 1.1 Dodging
 + Level 0.1 Shields
 * Level 2.8 Invocations


You had 2 spell levels left.
You didn't know any spells.

Dungeon Overview and Level Annotations

Branches:
Dungeon (2/15)

Altars:


Innate Abilities, Weirdness & Mutations

You have large cloven feet.
You sometimes gain a little power by taking damage.


Message History

The adder is almost dead.
You hit the hobgoblin.
You kill the hobgoblin!
Lugonu accepts your kill.
You feel sick. The adder barely misses you.
Unknown command.
You closely miss the adder. Your kick misses the adder.
The adder is almost dead.
You feel sick. You block the adder's attack. The adder bites you.
* * * LOW HITPOINT WARNING * * *
Unknown command.
You hit the adder but do no damage. Your kick misses the adder.
The adder is almost dead.
The adder barely misses you. You block the adder's attack.
Unknown command.
You hit the adder.
The adder is almost dead.
* * * LOW HITPOINT WARNING * * *
You feel sick. The adder bites you.
You die...

....#.. # ...#.#.##
## # .....# ...#. # #
.....# #.#. .###
#....# ... ... #....#
# #.#####.
####)S..####.#....##.
+...@.............>..
####...########.#.#..
#...# #.#....
#...########.#.##.
#...+........#.#..
#...#########..#..
###.#.............
#.#.#######....#
#....# ###.##


You could see an adder.

Vanquished Creatures
  2 adders (D:2)
  An ooze (D:1)
  A worm (D:2)
  2 giant cockroaches (D:1)
  2 goblins (D:1)
  4 hobgoblins
  A ball python (D:1)
  3 bats (D:1)
  4 kobolds (D:1)
  4 rats (D:1)
24 creatures vanquished.

Notes
Turn   | Place    | Note
-------+----------+-------------------------------------------
     0 | Abyss:1  | Gargoyl the Demonspawn Abyssal Knight began the quest for the Orb.
     0 | Abyss:1  | Reached XP level 1. HP: 18/18 MP: 2/2
    56 | Abyss:1  | Noticed a large abomination
    87 | Abyss:1  | Noticed a manticore zombie
   118 | Abyss:1  | Noticed a small abomination
   119 | D:1      | Escaped the Abyss
   529 | D:1      | Gained mutation: You sometimes gain a little power by taking damage. [demonic ancestry]
   529 | D:1      | Reached XP level 2. HP: 24/24 MP: 3/3
   686 | D:1      | Reached skill level 1 in Dodging
  1167 | D:2      | Gained mutation: You have large cloven feet. [demonic ancestry]
  1167 | D:2      | Reached XP level 3. HP: 18/29 MP: 4/4
  1418 | D:2      | Reached * piety under Lugonu
  1469 | D:2      | HP: 1/29 [worm (7)]
  2053 | D:2      | Slain by an adder

Skill      XL: |  1  2 |
---------------+-------+-----
Armour         | 2 |  2.4
Dodging        | 1 |  1.1
Axes           | 2 |  2.2
Fighting       | |  3.4
Shields        | |  0.1
Invocations    | |  2.8

Action                   || total
-------------------------++-------
Melee: Hand axe          ||    86
       Kick              ||     6
Invok: Depart the Abyss  ||     1
  Eat: Chunk             ||     3
Armor: Leather armour    ||    11
Dodge: Dodged            ||    31
Block: Shield            ||    32
